 Dungeon Crawl Stone Soup version 0.18.1-50-g88ac8fd (webtiles) character file.

247 Nordron the Insei (level 6, -3/39 HPs)
             Began as an Octopode Transmuter on Sept 22, 2016.
             Was an Initiate of Cheibriados.
             Slain by akselmo's ghost (6 damage)
             ... on level 4 of the Dungeon.
             The game lasted 00:27:49 (4668 turns).

Nordron the Insei (Octopode Transmuter)             Turns: 4668, Time: 00:27:49

Health: -3/39      AC:  1    Str: 11    XL:     6   Next: 11%
Magic:  7/10       EV: 13    Int: 18    God:    Cheibriados [......]
Gold:   171        SH:  0    Dex: 13    Spells: 3 memorised, 5 levels left

rFire  . . .     SeeInvis .       - Unarmed
rCold  . . .     Gourm    .     (no shield)
rNeg   . . .     Faith    .     (helmet restricted)
rPois  .         Spirit   .     (no amulet)
rElec  .         Dismiss  .     (no ring)
rCorr  .         Reflect  .     (no ring)
SustAt .         Harm     .     (no ring)
MR     .....                    (no ring)
Stlth  +++.......               (no ring)
                                (no ring)
                                (no ring)
                                (no ring)

@: flying, very slow, not resistant to hostile enchantments, fairly stealthy
A: almost no armour, amphibious, 8 rings, constrict 8, camouflage 1, gelatinous
body 1
a: Bend Time, Renounce Religion


You were on level 4 of the Dungeon.
You worshipped Cheibriados.
Cheibriados was noncommittal.
You were not hungry.

You visited 2 branches of the dungeon, and saw 5 of its levels.

You collected 171 gold pieces.

Inventory:

Hand Weapons
 f - a +2 dagger of venom
 x - a +3 dagger of speed
Missiles
 a - 137 arrows
Wands
 i - a wand of random effects (32/48)
Scrolls
 d - 2 scrolls of teleportation {unknown}
 e - a scroll of remove curse
 n - a scroll of amnesia {unknown}
 q - a scroll of random uselessness {unknown}
 r - 3 scrolls of identify
 s - a scroll of enchant weapon {unknown}
 w - 3 scrolls of fog {unknown}
Potions
 h - a potion of resistance
 l - a potion of might {unknown}
 m - a potion of curing {unknown}
 o - a potion of mutation {unknown}
 t - a potion of agility {unknown}
 u - a potion of cure mutation {unknown}
Books
 b - a book of Changes

   Spells                             Type                      Level
   a - Beastly Appendage              Transmutation                1
   b - Sticks to Snakes               Transmutation                2
   c - Spider Form                    Transmutation/Poison         3
   d - Ice Form                       Ice/Transmutation            4
   e - Blade Hands                    Transmutation                5
Comestibles
 c - 6 bread rations
 g - 14 fruits
 j - a meat ration
 v - a chunk of flesh


   Skills:
 * Level 2.0 Fighting
 - Level 0.4 Short Blades
 * Level 3.4 Dodging
 + Level 2.0 Stealth
 * Level 3.7 Unarmed Combat
 + Level 3.2 Spellcasting
 * Level 3.1 Transmutations


You had 5 spell levels left.
You knew the following spells:

 Your Spells              Type           Power        Failure   Level  Hunger
a - Beastly Appendage     Trmt           ##....       6%          1    None
b - Sticks to Snakes      Trmt           ##......     10%         2    ##.....
c - Spider Form           Trmt/Pois      #.........   30%         3    ###....


Dungeon Overview and Level Annotations

Branches:
Dungeon (4/15)             Temple (1/1) D:4

Altars:
Ashenzari
Cheibriados
Dithmenos
Fedhas
Gozag
Makhleb
Nemelex Xobeh
Okawaru
Pakellas
Qazlal
Ru
Trog
Xom
Yredelemnul

Annotations:
D:3 Robin
D:4 akselmo's ghost, weakling KoHu


Innate Abilities, Weirdness & Mutations

You cannot wear most types of armour.
You are amphibious.
You can wear up to eight rings at the same time.
You can use your tentacles to constrict eight enemies at once.
Your skin changes colour to match your surroundings (Stealth).
Your rubbery body absorbs attacks (AC +1).


Message History

You bludgeon akselmo's ghost!
Akselmo's ghost is moderately damaged.
Akselmo's ghost hits you!
* * * LOW HITPOINT WARNING * * *
You tentacle-slap akselmo's ghost.
You pierce akselmo's ghost, but do no damage.
Akselmo's ghost is moderately damaged.
You tentacle-slap akselmo's ghost but do no damage.
Akselmo's ghost is moderately damaged.
Akselmo's ghost hits you!
* * * LOW HITPOINT WARNING * * *
You offer a prayer to Cheibriados.
Cheibriados is noncommittal.
Unknown command.
It was a potion of flight.
You feel very buoyant.
You fly up into the air.
Your tentacle spike disappears.
Akselmo's ghost hits you.
You die...

......#
#...####
.##.
#......## #
#.....##..#
#########.#
)......#.#
.....#.#
#...#.#
#.W#.#
#.@#.#
#..#.#
##..#.#
.####...#.#
...[....#.##
........#..#
########'#.#
#.#.# #.#.#


You could see akselmo's ghost.

Vanquished Creatures
  Jessica (D:3)
  A worker ant (D:4)
  Ijyb (D:4)
  A hound skeleton (D:4)
  6 adders
  An ooze (D:1)
  2 worms (D:2)
  2 dart slugs (D:1)
  4 giant geckos
  3 bats
  3 giant cockroaches (D:1)
  2 gnoll zombies (D:3)
  21 goblins
  10 hobgoblins
  4 jackals
  4 quokkas
  A ball python (D:2)
  A giant gecko skeleton (D:4)
  2 giant newts (D:1)
  9 kobolds
  A quokka skeleton (D:4)
  4 rats
  A butterfly (D:2)
85 creatures vanquished.

Vanquished Creatures (collateral kills)
  3 goblins (D:3)
3 creatures vanquished.

Grand Total: 88 creatures vanquished

Notes
Turn   | Place    | Note
--------------------------------------------------------------
     0 | D:1      | Nordron the Octopode Transmuter began the quest for the Orb.
     0 | D:1      | Reached XP level 1. HP: 13/13 MP: 3/3
   360 | D:1      | Reached XP level 2. HP: 17/18 MP: 3/5
   367 | D:1      | Learned a level 2 spell: Sticks to Snakes
   730 | D:1      | Reached XP level 3. HP: 8/23 MP: 4/6
  1497 | D:2      | Found a shimmering altar of Xom.
  1611 | D:2      | Reached skill level 1 in Stealth
  1711 | D:2      | Reached XP level 4. HP: 12/28 MP: 3/7
  2359 | D:2      | Found a shattered altar of Ashenzari.
  2986 | D:3      | Noticed Robin
  3311 | D:3      | Found an opulent altar of Gozag.
  3312 | D:3      | Found an oddly glowing altar of Pakellas.
  3366 | D:3      | Noticed Jessica
  3371 | D:3      | Killed Jessica
  3371 | D:3      | Reached XP level 5. HP: 30/33 MP: 3/9
  3552 | D:3      | Learned a level 3 spell: Spider Form
  3595 | D:3      | Found a basalt altar of Yredelemnul.
  4139 | D:4      | Noticed Ijyb
  4147 | D:4      | Killed Ijyb
  4281 | D:4      | Reached XP level 6. HP: 37/39 MP: 10/10
  4290 | D:4      | Found a staircase to the Ecumenical Temple.
  4300 | Temple   | Entered the Ecumenical Temple
  4364 | Temple   | Became a worshipper of Cheibriados the Contemplative
  4597 | D:4      | Found a shadowy altar of Dithmenos.
  4649 | D:4      | Noticed akselmo's ghost (weakling KoHu)
  4668 | D:4      | Slain by akselmo's ghost

Skill      XL: |  1  2  3  4  5 |
---------------+----------------+-----
Stealth        | 1 2 |  2.0
Dodging        | 3 |  3.4
Spellcasting   | 3 |  3.2
Fighting       | 2 |  2.0
Transmutations | 3 |  3.1
Short Blades   | |  0.4
Unarmed Combat | |  3.7

Action                   |  1- 3 |  4- 6 || total
-------------------------+-------+-------++-------
Melee: Short sword       |    59 |       ||    59
       Constrict         |    21 |    26 ||    47
       Tentacles         |    17 |    21 ||    38
       Unarmed           |     4 |    26 ||    30
       Kick              |    11 |    14 ||    25
       Whip              |     7 |    17 ||    24
       Dagger            |       |    78 ||    78
       Punch             |       |     3 ||     3
 Cast: Beastly Appendage |    19 |    14 ||    33
       Sticks to Snakes  |     2 |     9 ||    11
Invok: Bend Time         |       |     1 ||     1
  Use: Scroll            |     3 |     1 ||     4
       Potion            |       |     3 ||     3
 Stab: Sleeping          |     7 |     4 ||    11
  Eat: Chunk             |     3 |    10 ||    13
Armor: Skin              |     3 |     5 ||     8
Dodge: Dodged            |    28 |    55 ||    83
